 Dungeon Crawl Stone Soup version 0.32-a0-468-g38b2580584 (webtiles) character file.

Game seed: 16148750691604487459

639 anacleto the Digger (level 7, 0/36 HPs)
             Began as a Deep Elf Earth Elementalist on Feb 25, 2024.
             Killed from afar by an orc wizard (7 damage)
             ... with a magic dart
             ... on level 4 of the Dungeon.
             The game lasted 00:06:10 (3236 turns).

anacleto the Digger (Deep Elf Earth Elementalist)   Turns: 3236, Time: 00:06:11

Health: 0/36       AC:  4    Str:  5    XL:     7   Next: 25%
Magic:  15/16      EV: 13    Int: 22    God:
Gold:   169        SH:  0    Dex: 15    Spells: 4/16 levels left

rFire   . . .        d - +2 dagger (venom)
rCold   . . .        (no shield)
rNeg    . . .        a - +0 robe
rPois   .            h - +0 helmet
rElec   .            i - +0 cloak
rCorr   .            (no gloves)
SInv    .            (no boots)
Will    .....        (no amulet)
Stlth   +++          (no ring)
HPRegen 0.26/turn    (no ring)
MPRegen 0.15/turn

%: no passive effects
@: no status effects
A: no striking features
a: no special abilities


You were on level 4 of the Dungeon.
You visited 1 branch of the dungeon, and saw 4 of its levels.

You collected 169 gold pieces.

Inventory:

Hand Weapons
 d - a +2 dagger of venom (weapon)
Armour
 a - a +0 robe (worn)
 h - a +0 helmet (worn)
 i - a +0 cloak (worn)
Wands
 u - a wand of mindburst (14)
Scrolls
 c - 4 scrolls of identify {unknown}
 j - 2 scrolls of enchant armour {unknown}
 m - a scroll of vulnerability {unknown}
 n - a scroll of torment {unknown}
 o - a scroll of noise {unknown}
 p - a scroll of fear {unknown}
 q - 3 scrolls of teleportation {unknown}
 r - a scroll of immolation {unknown}
Potions
 b - a potion of magic
 e - 2 potions of lignification {unknown}
 f - 2 potions of attraction {unknown}
 g - a potion of heal wounds {unknown}
 k - 3 potions of curing {unknown}
 l - a potion of resistance {unknown}
 s - a potion of enlightenment {unknown}
 t - a potion of haste {unknown}
 v - a potion of brilliance {unknown}


   Skills:
 - Level 3.4 Dodging
 - Level 3.8 Stealth
 + Level 5.2 Spellcasting
 * Level 5.0 Conjurations
 * Level 5.9 Earth Magic


You had 4 spell levels left.
You knew the following spells:

 Your Spells              Type           Power      Damage    Failure   Level
a - Sandblast             Erth           64%        2d14      1%          1
b - Stone Arrow           Conj/Erth      58%        3d10      3%          3
c - Brom's Barrelling Bo  Conj/Erth      29%        2d5       11%         4
d - Petrify               Alch/Erth      18%        N/A       28%         4

Your spell library contained the following spells:

 Spells                   Type           Power      Damage    Failure   Level
 Passwall                 Erth           32%        N/A       2%          3
 Foxfire                  Conj/Fire      64%        2x1d7     3%          1
 Starburst                Conj/Fire      8%         6d4       99%         6
 Plasma Beam              Fire/Air       2%         2x1d12    100%        6


Dungeon Overview and Level Annotations

Branches:
Dungeon (4/15)
 Temple: D:4-7

Altars:
Ashenzari
Nemelex Xobeh
Ru
Xom


Message History

You hit the scorpion but do no damage.
The scorpion is poisoned.
You feel sick. The scorpion barely misses you.
You hit the scorpion.
The scorpion looks as sick as possible!
The scorpion is moderately wounded.
You feel sick. The scorpion stings you. The scorpion misses you.
You feel sick.
You kill the scorpion!
Your Conjurations skill increases to level 5!
You feel sick.
Things that are here:
a +0 spear; a +0 robe You feel sick.
Aiming: Sandblast (safe; 1% risk of failure)
Press: ? - help, Q - select action, (/) - cycle Shift-Dir - straight line, f - orc wizard
Aim: an orc wizard, wielding a +0 short sword and wearing a +0 robe (80% to hit)
The blast of sand hits the orc wizard.
The orc wizard is moderately wounded.
You feel sick.
The orc wizard mumbles some strange words.
The orc wizard flickers and vanishes!
Deactivating autopickup; reactivate with Ctrl-A.
Aiming: Sandblast (safe; 1% risk of failure)
Press: ? - help, Q - select action, (/) - cycle Shift-Dir - straight line, f - you That would be overly suicidal.
Okay, then.
Unknown command.
You feel sick.
You are no longer poisoned.
Something hits you.
* * * LOW HITPOINT WARNING * * *
Things that are here:
a +0 spear; a +0 robe You barely miss something.
Something hits you but does no damage.
You hit something. Something hits you.
* * * LOW HITPOINT WARNING * * *
You miss something.
You hear some strange, mumbled words.
A magic dart appears from out of thin air!
The magic dart hits you!
You die...

#[.....# ..
#...#
##..#.?##....
#.#.#
#.>#.....)..
#. .#
##.#.###....
#. .# #.#!#
##. #. ..
#.#.# #.#.#
#.#.# #@# #{#
#)# #.†!o..).
#########


There were no monsters in sight!

Vanquished Creatures
  Sigmund (D:2)
  An ogre (D:4)
  A brain worm (D:4)
  2 scorpions (D:4)
  A sleepcap (D:4)
  An iguana (D:4)
  2 orc wizards
  4 adders
  3 dart slugs
  A ribbon worm (D:2)
  5 orcs
  6 bats
  5 endoplasms
  2 giant cockroaches
  4 hobgoblins
  8 jackals
  4 kobolds
  3 quokkas (D:3)
  10 ball pythons
  4 frilled lizards
  A goblin (D:3)
  5 rats
  A butterfly (D:4)
75 creatures vanquished.

Notes
Turn   | Place    | Note
-------+----------+-------------------------------------------
     0 | D:1      | anacleto the Deep Elf Earth Elementalist began the quest
                  | for the Orb.
     0 | D:1      | Reached XP level 1. HP: 10/10 MP: 6/6
   157 | D:1      | Reached XP level 2. HP: 3/15 MP: 5/8
   306 | D:1      | Found a faded altar of an unknown god.
   811 | D:1      | Reached XP level 3. HP: 19/19 MP: 6/9
   938 | D:2      | Found a sparkling altar of Nemelex Xobeh.
  1231 | D:2      | Noticed Sigmund
  1237 | D:2      | Killed Sigmund
  1238 | D:2      | Reached XP level 4. HP: 11/24 MP: 8/12
  1238 | D:2      | Reached XP level 5. HP: 13/28 MP: 8/13
  1305 | D:2      | Learned a level 3 spell: Stone Arrow
  1310 | D:2      | Learned a level 4 spell: Brom's Barrelling Boulder
  1315 | D:2      | Learned a level 4 spell: Petrify
  2100 | D:3      | Found a sacrificial altar of Ru.
  2492 | D:3      | Found a broken altar of Ashenzari.
  2592 | D:3      | Reached XP level 6. HP: 17/32 MP: 12/14
  2932 | D:4      | Reached skill level 5 in Earth Magic
  3121 | D:4      | Found a shimmering altar of Xom.
  3131 | D:4      | Reached skill level 5 in Spellcasting
  3131 | D:4      | Reached XP level 7. HP: 34/36 MP: 16/16
  3230 | D:4      | Reached skill level 5 in Conjurations
  3236 | D:4      | Killed from afar by an orc wizard

Illustrated notes

Levels and vault maps discovered:
D:1:      amcnicky_arrival_flooded_fountain, layout_loops_cross,
          shapermc_ecumenical_altar_ellora, minmay_tall_x
D:2:      layout_basic, basic_altar, uniq_sigmund
D:3:      layout_basic, ashenzari_altar_1, nicolae_ru_great_annihilating_truth
D:4:      layout_basic, xom_butterflies, grunt_temple_overflow_cloverleaf,
          st_stairs_11

Skill      XL: |  1  2  3  4  5  6  7 |
---------------+----------------------+-----
Stealth        | 3 |  3.8
Conjurations   | 3 4 5 |  5.0
Dodging        | 3 |  3.4
Spellcasting   | 4 5 |  5.2
Earth Magic    | 4 5 |  5.9

Action                     |  1- 3 |  4- 6 |  7- 9 || total
---------------------------+-------+-------+-------++-------
  Melee: Dagger            |    10 |    23 |    14 ||    47
   Cast: Sandblast         |    40 |    43 |     2 ||    85
   Stab: Sleeping          |     2 |     1 |       ||     3
 Armour: Robe              |    14 |    19 |    11 ||    44
  Dodge: Dodged            |    22 |    20 |     4 ||    46

Table legend: (Time is in decaauts)
 A = Elapsed time spent in this place.
 B = Non-inter-level travel time spent in this place.
 C = Inter-level travel time spent in this place.
 D = Time resting spent in this place.
 E = Time spent auto-exploring this place.
 F = Levels seen in this place.
 G = Mean time per level.
                   A        B        C        D        E       F      G
               +--------+--------+--------+--------+--------+-----+--------+
         Total |   3277 |   3225 |     52 |    308 |   2412 |   4 |  819.2 |
       Dungeon |   3277 |   3225 |     52 |    308 |   2412 |   4 |  819.2 |
               +--------+--------+--------+--------+--------+-----+--------+

Top non-repeatable levels by time:
     D:2: 1171 daAuts
     D:1: 928 daAuts
     D:3: 691 daAuts
     D:4: 485 daAuts
